 Dungeon Crawl Stone Soup version 0.32-a0-968-g61e5eb5241 (webtiles) character file.

Game seed: 371715180944489661

2919 Revguard the Ruffian (level 9, -6/74 HPs)
             Began as a Yellow Draconian Shapeshifter on Apr 18, 2024.
             Was a Follower of Wu Jian.
             Mangled by an orc warrior
             ... wielding a +0 mace
              (8 damage)
             ... on level 8 of the Dungeon.
             The game lasted 00:13:01 (7015 turns).

Revguard the Ruffian (DrSh)                         Turns: 7015, Time: 00:13:02

Health: -6/74      AC:  7    Str: 19    XL:     9   Next: 50%
Magic:  0/10       EV: 12    Int: 10    God:    Wu Jian [*.....]
Gold:   452        SH:  0    Dex: 13    Spells: 10/10 levels left

rFire   . .          .
                       - Unarmed
rCold   . . .        (no shield)
rNeg    . . .        (body armour unavailable)
rPois   +            (helmet currently unavailable)
rElec   .            (cloak currently unavailable)
rCorr   +            (gloves currently unavailable)
SInv    .            (boots currently unavailable)
Will    .....        i - amulet of guardian spirit
Stlth   +++          u - ring of poison resistance
HPRegen 0.32/turn    (no ring)
MPRegen 0.12/turn

%: guardian spirit
@: mighty, beast-form, on berserk cooldown, slowed, very slow
A: beast (slay +3), caustic breath, AC +7, unfitting armour, cold-blooded, acid
resistance
a: Caustic Breath, Begin Untransformation, Renounce Religion


You were on level 8 of the Dungeon.
You worshipped Wu Jian.
Wu Jian was aware of your devotion.
You were a hulking beast.
You visited 2 branches of the dungeon, and saw 9 of its levels.

You collected 452 gold pieces.

Inventory:

Armour
 a - a +0 cloak
Jewellery
 i - an amulet of guardian spirit (around neck)
 u - a ring of poison resistance (left hand)
 y - an amulet of magic regeneration
Talismans
 b - a beast talisman (active)
 c - a flux talisman
 m - a blade talisman
Wands
 x - a wand of digging (5)
Scrolls
 f - 2 scrolls of noise
 g - 3 scrolls of fog
 h - a scroll of enchant weapon
 j - 3 scrolls of amnesia {unknown}
 n - a scroll of enchant armour {unknown}
 p - a scroll of vulnerability {unknown}
 q - a scroll of blinking {unknown}
 r - a scroll of revelation {unknown}
Potions
 k - a potion of magic
 o - 2 potions of might
 s - 2 potions of attraction {unknown}
 v - a potion of enlightenment {unknown}
 w - a potion of degeneration {unknown}


   Skills:
 + Level 5.1 Fighting
 + Level 4.6 Dodging
 + Level 4.2 Stealth
 * Level 7.2 Unarmed Combat
 - Level 1.0 Spellcasting
 + Level 4.3 Evocations
 * Level 6.7 Shapeshifting


You had 10 spell levels left.
You didn't know any spells.
Your spell library contained the following spells:

 Spells                   Type           Power      Damage    Failure   Level
 Slow                     Hex            0%         N/A       34%         1
 Call Imp                 Summ           0%         N/A       45%         2
 Sublimation of Blood     Necr           0%         N/A       45%         2
 Confusing Touch          Hex            0%         N/A       71%         3
 Vampiric Draining        Necr           0%         2d6       71%         3
 Animate Dead             Necr           0%         N/A       98%         4
 Haunt                    Necr/Summ      0%         N/A       100%        7
 Malign Gateway           Summ/Tloc      0%         N/A       100%        7
 Summon Hydra             Summ           0%         N/A       100%        7
 Infestation              Necr           0%         N/A       100%        8
 Summon Horrible Things   Summ           0%         N/A       100%        8


Dungeon Overview and Level Annotations

Branches:
Dungeon (8/15)             Temple (1/1) D:7
   Lair: D:8-11

Altars:
Cheibriados
Dithmenos
Elyvilon
Gozag
Hepliaklqana
Kikubaaqudgha
Nemelex Xobeh
Okawaru
Qazlal
Ru
Sif Muna
Trog
Uskayaw
Wu Jian
Yredelemnul
Zin
The Shining One


Innate Abilities, Weirdness & Mutations

You are a hulking beast.
Your limbs bulge with bestial killing power. (Slay +3)
You can breathe corrosive fumes.
Your golden yellow scales are hard. (AC +7)
You cannot fit into any form of body armour.
You are cold-blooded and may be slowed by cold attacks.
You are resistant to acid. (rCorr)


Message History

You struggle to resist.
The orc priest calls down the wrath of Beogh upon you.
Your butterfly writhes in agony.
Your butterfly dies!
Your butterfly disappears in a burst of colours!
You spin and attack the orc.
You completely miss the orc.
Your tail-slap misses the orc.
The orc priest hits you with a +0 mace.
* * * LOW HITPOINT WARNING * * *
The orc hits you with a +0 club.
* * * LOW HITPOINT WARNING * * *
The yak gores your butterfly!
Your butterfly dies!
Your butterfly disappears in a burst of colours!
You spin and attack the orc warrior.
You punch the orc warrior! You tail-slap the orc warrior.
You punch the orc warrior.
The orc warrior is severely wounded.
The orc priest closely misses your butterfly.
The orc warrior hits you with a +0 mace.
* * * LOW HITPOINT WARNING * * *
The orc barely misses your butterfly.
The orc completely misses your butterfly.
The orc warrior hits you with a +0 mace!
* * * LOW HITPOINT WARNING * * *
As you read the scroll labelled CUMYNI MEEM, it dissolves into smoke.
It was a scroll of fog.
Your butterfly disappears in a burst of colours! x3
The orc priest mumbles some strange prayers to Beogh against you.
You struggle to resist.
The orc warrior closely misses you. The orc closely misses your butterfly.
The yak closely misses your butterfly.
As you read the scroll labelled RIMOVU OVVI ATE, it crumbles to dust.
It is a scroll of enchant weapon.
You aren't carrying any weapons that can be enchanted.
The orc priest calls upon Beogh to heal the orc warrior.
The orc warrior is healed somewhat.
The orc hits your butterfly with a +0 club.
Your butterfly dies!
Your butterfly disappears in a burst of colours!
The orc priest barely misses you.
The orc warrior hits you with a +0 mace!
You die...

#..# #.oo.... #..#
#.....o. #..#
#....... #..# .......
##..####oo..... ####
##.o..bobo......
#..§##..#######......
.###.b§§Yb## ....#
.....§§ho..# ...#
###...§oo...# .##
#..b..b....# #
#.....b.....#
#...b.b.b....#
##...?..b....#
##........###
###.######


You could see a yak, an orc warrior, an orc priest and 2 orcs.

Vanquished Creatures
  Grinder (D:3)
  2 yaks (D:8)
  2 water moccasins
  An orc warrior (D:7)
  An ice beast (D:7)
  2 ogres
  5 centaurs
  A phantom (D:6)
  A bullfrog (D:7)
  2 scorpions
  2 wights (D:7)
  2 howler monkeys (D:7)
  2 bombardier beetles
  A jelly (D:6)
  2 hounds (D:6)
  4 orc priests
  A sleepcap (D:3)
  2 gnoll boudas
  9 orc wizards
  2 iguanas (D:5)
  16 gnolls
  8 adders
  2 shadow imps
  A white imp (D:5)
  2 ribbon worms (D:2)
  2 dart slugs
  28 orcs
  4 bats
  5 endoplasms
  4 giant cockroaches
  9 goblins
  8 hobgoblins
  4 jackals (D:1)
  3 quokkas
  5 ball pythons
  5 frilled lizards
  5 kobolds
  7 rats
163 creatures vanquished.

Notes
Turn   | Place    | Note
-------+----------+-------------------------------------------
     0 | D:1      | Revguard the Draconian Shapeshifter began the quest for the
                  | Orb.
     0 | D:1      | Reached XP level 1. HP: 16/16 MP: 1/1
   193 | D:1      | Reached XP level 2. HP: 20/23 MP: 2/2
   895 | D:2      | Reached XP level 3. HP: 28/28 MP: 3/3
  1427 | D:3      | Reached XP level 4. HP: 36/36 MP: 4/4
  1508 | D:3      | Reached skill level 1 in Stealth
  1508 | D:3      | Reached skill level 1 in Evocations
  1849 | D:3      | Found a bloodstained altar of Trog.
  1861 | D:3      | Noticed Grinder
  1877 | D:3      | Paralysed by Grinder for 5 turns
  1889 | D:3      | Killed Grinder
  1890 | D:3      | Reached skill level 4 in Unarmed Combat
  1890 | D:3      | Reached XP level 5. HP: 9/42 MP: 0/5
  1890 | D:3      | Reached XP level 6. HP: 11/50 MP: 0/6
  2570 | D:4      | Your scales start taking on a golden yellow colour.
  2570 | D:4      | Reached XP level 7. HP: 56/56 MP: 6/8
  2570 | D:4      | Gained mutation: You are resistant to acid. (rCorr) [Yellow
                  | Draconian growth]
  2733 | D:4      | Reached skill level 1 in Spellcasting
  3623 | D:5      | Entered Level 5 of the Dungeon
  3744 | D:5      | Reached skill level 5 in Unarmed Combat
  4753 | D:6      | Reached skill level 5 in Shapeshifting
  4776 | D:6      | Reached XP level 8. HP: 27/64 MP: 5/9
  5758 | D:7      | Reached skill level 6 in Unarmed Combat
  6174 | D:7      | Found a staircase to the Ecumenical Temple.
  6193 | Temple   | Entered the Ecumenical Temple
  6216 | Temple   | Became a worshipper of the Wu Jian Council
  6282 | D:7      | Reached XP level 9. HP: 72/72 MP: 10/10
  6529 | D:7      | Found a basalt altar of Yredelemnul.
  6870 | D:7      | Found an iron altar of Okawaru.
  6871 | D:7      | Found a glowing golden altar of the Shining One.
  6872 | D:7      | Found a hazy altar of Hepliaklqana.
  6872 | D:7      | Found a white marble altar of Elyvilon.
  6872 | D:7      | Found a stormy altar of Qazlal.
  6874 | D:7      | Found a snail-covered altar of Cheibriados.
  6877 | D:7      | Found a shimmering blue altar of Sif Muna.
  6981 | D:8      | Reached skill level 5 in Fighting
  6981 | D:8      | Reached skill level 7 in Unarmed Combat
  6991 | D:8      | Reached * piety under Wu Jian
  7013 | D:8      | HP: 1/74 [orc warrior/+0 mace (8)]
  7015 | D:8      | Mangled by an orc warrior

Illustrated notes

Levels and vault maps discovered:
D:1:      minmay_arrival_wavy_path, layout_basic, minivault_23
D:2:      layout_rooms, minmay_tromino_i4
D:3:      layout_loops_cross, mainiacjoe_overflow_brackets, uniq_grinder
D:4:      layout_basic
D:5:      layout_basic
D:6:      nicolae_cairo_tiling_large_dashed, layout_basic
D:7:      layout_rooms, minitemple, minmay_temple_entry_statues_pillars,
          minmay_fractal_squares_diagonal_5
D:8:      layout_cave_pods, grunt_temple_overflow_lords_of_destruction
Temple:   hellmonk_temple_flake

Skill      XL: |  1  2  3  4  5  6  7  8  9 |
---------------+----------------------------+-----
Dodging        | 2 3 4 |  4.6
Stealth        | 1 2 3 4 |  4.2
Evocations     | 1 2 3 4 |  4.3
Fighting       | 2 3 4 5 |  5.1
Unarmed Combat | 4 5 6 7 |  7.2
Shapeshifting  | 4 5 6 |  6.7
Spellcasting   | 1 |  1.0

Action                     |  1- 3 |  4- 6 |  7- 9 || total
---------------------------+-------+-------+-------++-------
  Melee: Unarmed           |   110 |   104 |   331 ||   545
         Tailslap          |    13 |    16 |    48 ||    77
         Punch             |     5 |     3 |     6 ||    14
Ability: Caustic Breath    |       |       |     7 ||     7
         Lunge             |       |       |     3 ||     3
         Whirlwind         |       |       |     2 ||     2
  Evoke: Wand              |       |     2 |       ||     2
    Use: Scroll            |       |       |     9 ||     9
         Potion            |       |       |     4 ||     4
   Stab: Sleeping          |     3 |     3 |     2 ||     8
 Armour: Skin              |    76 |    73 |   237 ||   386
  Dodge: Dodged            |    76 |    69 |   214 ||   359

Table legend: (Time is in decaauts)
 A = Elapsed time spent in this place.
 B = Non-inter-level travel time spent in this place.
 C = Inter-level travel time spent in this place.
 D = Time resting spent in this place.
 E = Time spent auto-exploring this place.
 F = Levels seen in this place.
 G = Mean time per level.
                   A        B        C        D        E       F      G
               +--------+--------+--------+--------+--------+-----+--------+
         Total |   6974 |   6783 |    191 |    422 |   5005 |   9 |  774.9 |
       Dungeon |   6940 |   6760 |    180 |    422 |   5005 |   8 |  867.5 |
        Temple |     34 |     23 |     11 |      0 |      0 |   1 |   34.0 |
               +--------+--------+--------+--------+--------+-----+--------+

Top non-repeatable levels by time:
     D:4: 1348 daAuts
     D:7: 1279 daAuts
     D:5: 1075 daAuts
     D:3: 924 daAuts
     D:6: 892 daAuts
     D:1: 824 daAuts
     D:2: 510 daAuts
     D:8: 85 daAuts
  Temple: 34 daAuts
